Map: Eastwatch LE

Players

Trizztein

  • Race: Terran Terran
  • League: Diamond
  • Spawn Location: 1:00

A.I. 1 (Easy) - Winner!

  • Race: Terran Terran
  • Spawn Location: 7:00

VOD

Have the link to the VOD?

Description

Time

  • Played on: Jan. 29, 2018, 6:49 p.m.
  • Length: 3:46
Show
View Real Time Build Order
Export as new Build Order

Trizztein Terran 

Build Orders: Cyclone Opening, Reaper Expand 

Get SALT Encoding   

  6  0:00  SCV  
  13  0:12  SCV  
  14  0:17  Supply Depot  
  14  0:24  SCV  
  15  0:29  Refinery  
  15  0:38  SCV  
  16  0:45  Barracks  
  16  0:50  SCV  
  17  1:02  SCV  
  18  1:14  SCV  
  19  1:32  Reaper, Orbital Command  
  20  1:44  Command Center  
  20  1:55  Factory  
  20  1:58  SCV  
  21  2:05  Refinery  
  22  2:08  Reaper  
  22  2:15  Supply Depot  
  22  2:16  SCV  
  23  2:37  SCV  
  24  2:41  Barracks, Cyclone  
  27  2:46  Barracks Reactor  
  27  2:49  SCV  
  28  3:01  SCV  
  29  3:13  SCV, Cyclone  
  33  3:21  Engineering Bay  
  33  3:24  Marine x2  
  33  3:26  SCV x2  
  37  3:32  Barracks Tech Lab  
  37  3:40  Supply Depot  
Show
View Real Time Build Order
Export as new Build Order

A.I. 1 (Easy) Terran - Winner!

Build Orders:  

Get SALT Encoding   

  6  0:00  SCV  
  13  0:13  SCV  
  14  0:18  Supply Depot  
  14  0:25  SCV  
  15  0:40  SCV  
  16  0:45  Barracks  
  16  0:47  Refinery  
  16  1:09  Supply Depot  
  16  1:21  Refinery  
  16  1:32  Barracks Tech Lab, Orbital Command  
  16  1:50  Marine  
  17  1:58  SCV  
  18  2:07  Marine  
  19  2:10  SCV  
  19  2:11  Supply Depot  
  20  2:22  SCV  
  21  2:25  Marine  
  22  2:34  SCV  
  23  2:44  Marauder  
  25  2:46  SCV  
  27  2:58  SCV  
  27  3:05  Marauder  
Tags
 
Add a new tag
Caveats
  • Supply blocks, unpowered buildings, or Contaminate may cause inaccurate times.
  • Supply counts are checked every 10 seconds.